 Dungeon Crawl Stone Soup version 0.27.1-3-gb3d3a73c9e (console) character file.

Game seed: 7697065273660034668

161 Banquo the Skirmisher (level 5, -3/42 HPs)
             Began as a Djinni Hunter on Oct 10, 2021.
             Slain by Natasha (5 damage)
             ... on level 3 of the Dungeon on Oct 11, 2021.
             The game lasted 00:07:32 (4851 turns).

Banquo the Skirmisher (Djinni Hunter)               Turns: 4851, Time: 00:07:34

Health: -3/42      AC:  3    Str: 11    XL:     5   Next: 70%
Gold:   71         EV: 12    Int: 13    God:
                   SH:  0    Dex: 14

rFire    + + .     SeeInvis .   p - +1 hand crossbow
rCold    x . .     Faith    .   (no shield)
rNeg     . . .     Spirit   .   c - +0 leather armour
rPois    ∞         Reflect  .   (no helmet)
rElec    .         Harm     .   (no cloak)
rCorr    .         Rampage  .   (no gloves)
Will     .....                  (boots unavailable)
Stlth    +.........             (no amulet)
HPRegen  0.14/turn              (no ring)
MPRegen  0.00/turn              (no ring)

@: flying, slowed, very slow
A: sickness immunity, fire resistance 2, cold vulnerability 1, float, innate
caster, hp casting, extra vitality 1
a: no special abilities


You were on level 3 of the Dungeon.
You visited 1 branch of the dungeon, and saw 3 of its levels.

You collected 71 gold pieces.

Inventory:

Hand Weapons
 a - a +0 short sword
 b - a +0 long sword
 p - a +1 hand crossbow (weapon)
Missiles
 d - 10 bolts (quivered ammo)
 f - 126 stones
Armour
 c - a +0 leather armour (worn)
Magical Staves
 n - a staff of fire
Scrolls
 g - 2 scrolls of enchant armour {unknown}
 h - a scroll of teleportation {unknown}
 l - a scroll of fear {unknown}
 m - a scroll of identify {unknown}
Potions
 e - a potion of degeneration {unknown}
 i - 2 potions of curing {unknown}
 j - a potion of haste {unknown}
 k - a potion of lignification {unknown}
 o - a potion of attraction {unknown}


   Skills:
 * Level 4.5 Fighting
 - Level 3.2 Crossbows
 - Level 2.1 Dodging
 - Level 0.7 Stealth
 * Level 2.0 Spellcasting


You had 5 spell levels left.
You knew the following spells:

 Your Spells              Type           Power      Damage    Failure   Level
a - Corona                Hex            6%         N/A       14%         1
b - Ensorcelled Hibernat  Hex/Ice        12%        N/A       22%         2
Your spell library was empty.

Dungeon Overview and Level Annotations

Branches:
Dungeon (3/15)

Altars:
Kikubaaqudgha
Nemelex Xobeh
Sif Muna

Shops:
D:3 :

Annotations:
D:3 Natasha


Innate Abilities, Weirdness & Mutations

You are immune to sickness and miasma.
You are immune to poison.
Your flesh is very heat resistant. (rF++)
You are vulnerable to cold. (rC-)
You float through the air rather than walking.
You learn spells naturally, not from books.
Your magical power is your life essence.
You have superior vitality. (+4 HP)


Message History

Natasha is heavily wounded.
Natasha claws you. The shadow imp closely misses you.
Fire: 14 bolts
Press: ? - help, Q - select action, (/) - cycle Shift-Dir - straight line, f/p - Natasha
Aim: Natasha (heavily wounded, softly glowing, 76% to hit)
You shoot a bolt. The bolt closely misses Natasha.
Natasha casts a spell at you. The magic dart hits you!
The shadow imp hits you but does no damage.
Natasha claws you.
Your magical contamination has completely faded away.
Fire: 13 bolts
Press: ? - help, Q - select action, (/) - cycle Shift-Dir - straight line, f/p - Natasha
Aim: Natasha (heavily wounded, softly glowing, 76% to hit)
You shoot a bolt. The bolt barely misses Natasha.
The shadow imp barely misses you.
Natasha stares at you and mumbles some strange words.
You feel yourself slow down. The shadow imp puffs mist at you.
The shadow imp hits you but does no damage.
Fire: 12 bolts
Press: ? - help, Q - select action, (/) - cycle Shift-Dir - straight line, f/p - Natasha
Aim: Natasha (heavily wounded, softly glowing, 76% to hit)
You shoot a bolt.
The bolt hits Natasha but does no damage.
Natasha is heavily wounded.
Natasha stops glowing.
Natasha claws you!
* * * LOW HITPOINT WARNING * * *
The shadow imp hits you.
* * * LOW HITPOINT WARNING * * *
Natasha claws you!
* * * LOW HITPOINT WARNING * * *
The shadow imp hits you but does no damage.
Fire: 11 bolts
Press: ? - help, Q - select action, (/) - cycle Shift-Dir - straight line, f/p - Natasha
Aim: Natasha (heavily wounded, 60% to hit)
You shoot a bolt. The bolt closely misses Natasha.
The shadow imp disappears in a puff of smoke!
Natasha claws you but does no damage. Natasha claws you.
You die...

###†#### #......#
#....).###########
#...†..##.........
#......##.........
#......##.........
###...............
######..........
#..§...)...
#..@h.....(
#.####.#### #.# #
#.# #.# #.. #.


You could see Natasha.

Vanquished Creatures
  A scorpion (D:3)
  Natasha (D:3)
  An adder (D:2)
  A worm (D:2)
  3 dart slugs
  4 bats
  4 endoplasms
  4 giant cockroaches
  11 goblins
  7 hobgoblins
  3 kobolds
  5 ball pythons
  4 frilled lizards
  5 rats
54 creatures vanquished.

Vanquished Creatures (others)
  2 fungi (D:1)
2 creatures vanquished.

Grand Total: 56 creatures vanquished

Notes
Turn   | Place    | Note
-------+----------+-------------------------------------------
     0 | D:1      | Banquo the Djinni Hunter began the quest for the Orb.
     0 | D:1      | Reached XP level 1. HP: 18/18 MP: 0/0
   230 | D:1      | Reached XP level 2. HP: 20/23 MP: 0/0
   368 | D:1      | Found a faded altar of an unknown god.
   474 | D:1      | Reached skill level 1 in Spellcasting
   609 | D:1      | Reached XP level 3. HP: 22/29 MP: 0/0
   609 | D:1      | Learned a level 1 spell: Corona
  1370 | D:1      | Found a faded altar of an unknown god.
  1898 | D:2      | Reached skill level 3 in Fighting
  2145 | D:2      | Reached XP level 4. HP: 21/35 MP: 0/0
  4070 | D:3      | Found Miacria's Book Shoppe.
  4163 | D:3      | Found a sparkling altar of Nemelex Xobeh.
  4199 | D:3      | Noticed a scorpion
  4313 | D:3      | Noticed Natasha
  4333 | D:3      | Killed Natasha
  4565 | D:3      | Killed a scorpion
  4566 | D:3      | Reached skill level 4 in Fighting
  4566 | D:3      | Reached XP level 5. HP: 14/42 MP: 0/0
  4566 | D:3      | Learned a level 2 spell: Ensorcelled Hibernation
  4836 | D:3      | Noticed Natasha
  4850 | D:3      | HP: 2/42 [Natasha (7)]
  4851 | D:3      | Slain by Natasha

Illustrated notes

Levels and vault maps discovered:
D:1:      dpeg_arrival_lava_temple_mockup, layout_loops_ring,
          shapermc_ecumenical_altar_petra
D:2:      layout_loops_cross, grunt_ministairs_10
D:3:      layout_basic, mainiacjoe_overflow_surrounded_room,
          nicolae_overflow_hidden_temple, serial_shops, shop, uniq_natasha

Skill      XL: |  1  2  3  4  5 |
---------------+----------------+-----
Spellcasting   | 1 2 |  2.0
Fighting       | 3 4 |  4.5
Crossbows      | |  3.2
Dodging        | |  2.1
Stealth        | |  0.7

Action                   |  1- 3 |  4- 6 || total
-------------------------+-------+-------++-------
Melee: Short sword       |   145 |    79 ||   224
       Long sword        |       |    17 ||    17
 Fire: Hand crossbow     |       |    20 ||    20
Throw: Stone             |       |     1 ||     1
 Cast: Corona            |       |     2 ||     2
       Ensorcelled Hiber |       |     1 ||     1
 Stab: Sleeping          |     2 |     1 ||     3
       Distracted        |       |     1 ||     1
Armor: Leather armour    |    41 |    31 ||    72
Dodge: Dodged            |    93 |    58 ||   151
       Rpst.: Long sword |       |     6 ||     6
